 Dungeon Crawl Stone Soup version 0.28.0-49-g6dfe1f597d (webtiles) character file.

Game seed: 4881865895230013072

93 Zeld the Conjurer (level 4, -2/36 HPs)
             Began as a Draconian Conjurer on May 17, 2022.
             Slain by Grinder (5 damage)
             ... while paralysed by Grinder
             ... on level 3 of the Dungeon.
             The game lasted 00:04:24 (3425 turns).

Zeld the Conjurer (Draconian Conjurer)              Turns: 3425, Time: 00:04:25

Health: -2/36      AC:  5    Str:  9    XL:     4   Next: 36%
Magic:  0/8        EV:  2    Int: 21    God:
Gold:   114        SH:  0    Dex:  9    Spells: 5/8 levels left

rFire   . . .      SeeInvis .   (no weapon)
rCold   . . .      Faith    .   (no shield)
rNeg    . . .      Spirit   .   (armour unavailable)
rPois   .          Reflect  .   (helmet restricted)
rElec   .          Harm     .   (no cloak)
rCorr   .          Rampage  .   (no gloves)
Will    .....                   (no boots)
Stlth   ++........              (no amulet)
HPRegen 0.12/turn               (no ring)
MPRegen 0.11/turn               (no ring)

@: paralysed
A: AC +5, unfitting armour, cold-blooded
a: no special abilities


You were on level 3 of the Dungeon.
You visited 1 branch of the dungeon, and saw 3 of its levels.

You collected 114 gold pieces.

Inventory:

Scrolls
 a - 2 scrolls of fog {unknown}
 b - 2 scrolls of identify {unknown}
 c - a scroll of immolation {unknown}
 e - 3 scrolls of magic mapping {unknown}
 h - a scroll of fear {unknown}
Potions
 d - 2 potions of heal wounds {unknown}
 f - a potion of lignification {unknown}
 g - a potion of curing {unknown}


   Skills:
 * Level 2.0 Fighting
 + Level 2.1 Dodging
 + Level 2.3 Stealth
 * Level 2.7 Spellcasting
 * Level 4.5 Conjurations


You had 5 spell levels left.
You knew the following spells:

 Your Spells              Type           Power      Damage    Failure   Level
a - Magic Dart            Conj           84%        1d7       2%          1
b - Searing Ray           Conj           42%        2d6       3%          2

Your spell library contained the following spells:

 Spells                   Type           Power      Damage    Failure   Level
 Dazzling Flash           Conj/Hex       24%        N/A       16%         3
 Fulminant Prism          Conj/Hex       6%         3d7       47%         4
 Iskenderun's Mystic Bla  Conj/Tloc      12%        2d5       47%         4


Dungeon Overview and Level Annotations

Branches:
Dungeon (3/15)

Altars:
Xom

Annotations:
D:2 Pargi
D:3 1 runed translucent door, Grinder; HakesonGodeson's ghost, amateur TrGl


Innate Abilities, Weirdness & Mutations

Your plain brown scales are hard. (AC +5)
You cannot fit into any form of body armour.
You are cold-blooded and may be slowed by cold attacks.


Message History

You closely miss Grinder.
Your tail-slap misses Grinder.
Grinder is severely wounded.
Grinder hits you but does no damage.
Casting: Searing Ray (safe; 3% risk of failure)
Confirm with . or Enter, or press ? or * to list all spells.
Aiming: Magic Dart (safe; 2% risk of failure)
Press: ? - help, Shift-Dir - straight line, f/p - Grinder
Aim: Grinder (severely wounded, 100% to hit)
The magic dart hits Grinder.
Grinder is severely wounded.
Grinder hits you.
You writhe in agony.
Unknown command.
Unknown command.
Grinder gestures at you.
You suddenly lose the ability to move!
Grinder barely misses you. Grinder gestures at you.
You barely resist.
Grinder says, "Don't move a muscle."
Grinder hits you but does no damage.
You can move again.
Casting: Magic Dart (safe; 2% risk of failure)
Confirm with . or Enter, or press ? or * to list all spells.
Aiming: Magic Dart (safe; 2% risk of failure)
Press: ? - help, Shift-Dir - straight line, f/p - Grinder
Aim: Grinder (severely wounded, 100% to hit)
The magic dart hits Grinder.
Grinder is almost dead.
Grinder gestures at you. Pain shoots through your body!
* * * LOW HITPOINT WARNING * * *
Unknown command.
Grinder gestures at you.
You suddenly lose the ability to move!
Grinder hits you.
* * * LOW HITPOINT WARNING * * *
You writhe in agony.
* * * LOW HITPOINT WARNING * * *
Grinder hits you.
You die...

..............5.......#
..###.....###########5#
..###.....# #....<..#.#
#.##......# #.###.#.#.#
#.^#.#.#..# #.#...#.#.#
#..#......# #.#.###.#.#
#..#.#.#..# #.#.....#.#
#..#......# #.#######.#
#..##.....# #..5@.....#
...##.....# ###########
.........##
....#.##'####
###.#.......#
###.........#
............#
............#
............#


You could see Grinder.

Vanquished Creatures
  Jessica (D:2)
  2 adders (D:2)
  2 worms (D:2)
  2 dart slugs (D:3)
  4 endoplasms
  3 hobgoblins
  2 jackals (D:1)
  4 kobolds
  A quokka (D:3)
  5 ball pythons
  3 bats
  4 frilled lizards
  3 goblins
  7 rats
43 creatures vanquished.

Notes
Turn   | Place    | Note
-------+----------+-------------------------------------------
     0 | D:1      | Zeld the Draconian Conjurer began the quest for the Orb.
     0 | D:1      | Reached XP level 1. HP: 14/14 MP: 3/3
    67 | D:1      | Found a faded altar of an unknown god.
   485 | D:1      | Reached XP level 2. HP: 20/22 MP: 1/5
   755 | D:1      | Learned a level 2 spell: Searing Ray
  1035 | D:2      | Reached skill level 1 in Fighting
  1260 | D:2      | Reached XP level 3. HP: 28/28 MP: 2/6
  1534 | D:2      | Found a shimmering altar of Xom.
  1584 | D:2      | Noticed Jessica
  1590 | D:2      | Killed Jessica
  1591 | D:2      | Reached XP level 4. HP: 36/36 MP: 1/8
  2510 | D:3      | Noticed Pargi
  2876 | D:3      | Noticed Grinder
  3047 | D:3      | Found a runed translucent door.
  3056 | D:3      | Noticed HakesonGodeson's ghost (amateur TrGl)
  3410 | D:3      | Paralysed by Grinder for 5 turns
  3422 | D:3      | Paralysed by Grinder for 6 turns
  3425 | D:3      | Slain by Grinder

Illustrated notes

Levels and vault maps discovered:
D:1:      dpeg_arrival_long_road, layout_loops_ring,
          ebering_ecumenical_altar_box
D:2:      layout_basic, basic_altar, uniq_jessica
D:3:      layout_basic, serial_glass, glass_columns_a, glass_columns_b,
          due_unseen_surprise, feat_on_display, gammafunk_ghost_grave,
          uniq_pargi, uniq_grinder

Skill      XL: |  1  2  3  4 |
---------------+-------------+-----
Stealth        | 2 |  2.3
Fighting       | 1 2 |  2.0
Dodging        | 2 |  2.1
Spellcasting   | |  2.7
Conjurations   | |  4.5

Action                   |  1- 3 |  4- 6 || total
-------------------------+-------+-------++-------
Melee: Unarmed           |    21 |    10 ||    31
       Tailslap          |     1 |       ||     1
 Cast: Magic Dart        |    44 |    38 ||    82
       Searing Ray       |     2 |     8 ||    10
Armor: Skin              |     9 |    19 ||    28
Dodge: Dodged            |    12 |    24 ||    36
